 Dungeon Crawl Stone Soup version 0.29-a0-356-g7bc237e783 (webtiles) character file.

Game seed: 15917643037686786787

163 domi the Conjurer (level 5, -1/35 HPs)
             Began as a Demonspawn Hedge Wizard on Apr 26, 2022.
             Succumbed to an orc wizard's poison
             ... on level 3 of the Dungeon.
             The game lasted 00:04:33 (3171 turns).

domi the Conjurer (Demonspawn Hedge Wizard)         Turns: 3171, Time: 00:04:33

Health: -1/35      AC:  4    Str: 10    XL:     5   Next: 20%
Magic:  9/9        EV: 27    Int: 17    God:
Gold:   180        SH:  0    Dex: 13    Spells: 5/10 levels left

rFire   + . .      SeeInvis .   r - +6 hunting sling "Nebaffis" {flame, rF+ rC+}
rCold   + . .      Faith    .   (no shield)
rNeg    . . .      Spirit   .   b - +0 robe
rPois   .          Reflect  .   t - +0 helmet
rElec   .          Harm     .   p - +0 cloak
rCorr   .          Rampage  .   (no gloves)
Will    +....                   (no boots)
Stlth   ++........              k - amulet of the acrobat
HPRegen 0.11/turn               j - ring of willpower
MPRegen 0.11/turn               (no ring)

@: lethally poisoned (-1 -> -13), acrobatic, hasted, very quick
A: spiny 1
a: no special abilities


You were on level 3 of the Dungeon.
You visited 1 branch of the dungeon, and saw 3 of its levels.

You collected 180 gold pieces.

Inventory:

Hand Weapons
 a - a +0 dagger
 r - the +6 hunting sling "Nebaffis" (weapon) {flame, rF+ rC+}
   (You found it on level 2 of the Dungeon)

   Any ammunition fired from it burns those it strikes, dealing additional fire
   damage.
   rF:        It protects you from fire.
   rC:        It protects you from cold.
 v - a +1 long sword of electrocution
   (You found it on level 3 of the Dungeon)
 x - a +0 club
   (You took it off a kobold on level 2 of the Dungeon)
Missiles
 w - 59 stones
Armour
 b - a +0 robe (worn)
 c - a +0 hat
 p - a +0 cloak (worn)
   (You found it on level 2 of the Dungeon)
 t - a +0 helmet (worn)
   (You found it on level 3 of the Dungeon)
 y - a +0 pair of boots
   (You found it on level 3 of the Dungeon)
Magical Staves
 n - a staff of air {rElec}
   (You found it on level 1 of the Dungeon)
Jewellery
 j - a ring of willpower (left hand)
   (You found it on level 1 of the Dungeon)
 k - an amulet of the acrobat (around neck)
   (You found it on level 1 of the Dungeon)
 u - a ring of fire {rF+, rC-}
   (You found it on level 3 of the Dungeon)
Scrolls
 e - 2 scrolls of vulnerability {unknown}
 g - a scroll of teleportation {unknown}
 h - a scroll of noise {unknown}
 i - 6 scrolls of identify {unknown}
 o - a scroll of brand weapon {unknown}
 q - 2 scrolls of fear {unknown}
Potions
 d - a potion of magic
 f - 2 potions of heal wounds {unknown}
 l - a potion of curing {unknown}
 m - a potion of brilliance {unknown}
 s - a potion of haste {@q3}


   Skills:
 - Level 1.7 Dodging
 - Level 1.7 Stealth
 - Level 3.0 Spellcasting
 - Level 5.0 Conjurations
 + Level 1.5 Summonings
 - Level 0.8 Translocations


You had 5 spell levels left.
You knew the following spells:

 Your Spells              Type           Power      Damage    Failure   Level
b - Blink                 Tloc           10%        N/A       19%         2
x - Call Imp              Summ           7%         N/A       14%         2
z - Magic Dart            Conj           76%        1d6       2%          1

Your spell library contained the following spells:

 Spells                   Type           Power      Damage    Failure   Level
 Slow                     Hex            8%         N/A       17%         1
 Sting                    Tmut/Pois      8%         1d3       17%         1
 Conjure Flame            Conj/Fire      11%        6-21      19%         3
 Poisonous Vapours        Pois/Air       4%         N/A       26%         2
 Mephitic Cloud           Conj/Pois/Air  8%         N/A       26%         3
 Olgreb's Toxic Radiance  Pois           2%         N/A       86%         4


Dungeon Overview and Level Annotations

Branches:
Dungeon (3/15)

Altars:


Innate Abilities, Weirdness & Mutations

You are partially covered in sharp spines.


Message History

No target in view!
No target in view!
No target in view!
You see here a bat corpse.
A hobgoblin comes into view.
A hobgoblin is nearby!
A hobgoblin is nearby!
A hobgoblin is nearby!
You shoot a sling bullet. The sling bullet hits the hobgoblin!
The sling bullet burns the hobgoblin.
You kill the hobgoblin!
No target in view!
No target in view!
No target in view!
An orc wizard and an orc priest come into view.
The orc wizard is wielding a +0 dagger of venom.
The orc wizard shouts!
The orc priest shouts!
An orc comes into view. It is wielding a +0 dagger.
You see here 23 stones.
There are monsters nearby!
There are monsters nearby!
You shoot a sling bullet.
The sling bullet closely misses the orc priest.
The orc shouts!
You hear a shout!
You shoot a sling bullet.
The sling bullet closely misses the orc priest.
The orc priest begins to cast a cantrip, but forgets the words!
You shoot a sling bullet.
The sling bullet closely misses the orc priest.
The orc wizard casts a spell.
The orc wizard flickers and vanishes!
Deactivating autopickup; reactivate with Ctrl-A.
The orc priest looks satisfied for a moment.
An orc comes into view. It is wielding a +0 trident.
You shoot a sling bullet.
The sling bullet barely misses the orc priest.
The orc shouts!
You hear an angry hiss.
An orc comes into view. It is wielding a +0 mace.
The orc priest hits you with a +0 falchion.
You take 6 damage, and have 24/30 hp.
You shoot a sling bullet. The sling bullet hits the orc priest.
The sling bullet burns the orc priest.
The orc priest is struck by your spines.
The orc priest hits you with a +0 falchion.
You take 3 damage, and have 21/30 hp.
You shoot a sling bullet.
The sling bullet hits the orc priest but does no damage.
You shoot a sling bullet. The sling bullet hits the orc priest!
The sling bullet burns the orc priest.
You kill the orc priest!
The orc hits you with a +0 dagger.
You have reached level 5!
You regained 2 hp, and now have 23/35 hp.
MP restored: 9 The orc completely misses you.
You shoot a sling bullet. The sling bullet hits the orc!
The sling bullet burns the orc.
You kill the orc!
The orc throws a boomerang.
The boomerang hits you but does no damage.
The orc misses you.
You shoot a sling bullet. The sling bullet barely misses the orc.
Something hits you but does no damage. The orc barely misses you.
You shoot a sling bullet. The sling bullet barely misses the orc.
Something hits you.
You are poisoned.
The orc throws a boomerang.
An adder comes into view.
The orc hits you but does no damage. Something hits you but does no damage.
You are more poisoned.
You take 1 damage, and have 23/35 hp.
You shoot a sling bullet.
The sling bullet closely misses the orc.
You feel very sick. Something hits you but does no damage.
You are lethally poisoned!
The orc barely misses you.
You take 6 damage, and have 17/35 hp.
You don't know that spell.
You are too injured to fight recklessly!
Fire: r) +6 hunting sling "Nebaffis" {flame, rF+ rC+}
Aim: an orc, wielding a +0 trident and quivering boomerangs (62% to hit)
You shoot a sling bullet.
You feel very sick.
Reactivating autopickup.
You feel a bit more experienced. The orc hits you but does no damage.
The orc closely misses you.
Training target 5.0 for Conjurations reached!
Your Conjurations skill increases to level 5!
You need to enable at least one skill for training.
You take 5 damage, and have 12/35 hp.
It was a potion of haste.
You feel yourself speed up.
* * * LOW HITPOINT WARNING * * *
You feel very sick.
The orc hits you from afar with a +0 trident.
* * * LOW HITPOINT WARNING * * *
The orc hits you with a +0 mace.
* * * LOW HITPOINT WARNING * * *
You take 11 damage, and have 1/35 hp.
MASSIVE DAMAGE!!
You die...

.# ##### #.#.# .#
#....###...#
.######....##.....#
..........##....#.#
.####....##....)..#
.###....##....#..##
.##....##....##..#
.#...###....###..#
.......†......S.@#
.###############.#
.# #######o#
......o.# ######.(#
..o...).# ######.##
#. #.


You could see an adder and 2 orcs.

Vanquished Creatures
  An orc priest (D:3)
  2 orc wizards (D:3)
  3 adders
  4 orcs (D:3)
  6 ball pythons
  6 bats
  3 endoplasms
  2 giant cockroaches (D:1)
  4 goblins
  4 hobgoblins
  2 jackals (D:1)
  8 kobolds
  3 quokkas
  2 frilled lizards (D:1)
  8 rats
58 creatures vanquished.

Vanquished Creatures (others)
  12 plants (D:1)
12 creatures vanquished.

Grand Total: 70 creatures vanquished

Notes
Turn   | Place    | Note
-------+----------+-------------------------------------------
     0 | D:1      | domi the Demonspawn Hedge Wizard began the quest for the
                  | Orb.
     0 | D:1      | Reached XP level 1. HP: 13/13 MP: 4/4
    91 | D:1      | HP: 3/13 [frilled lizard (2)]
   403 | D:1      | Reached skill level 2 in Conjurations
   469 | D:1      | Gained mutation: You are partially covered in sharp spines.
                  | [demonic ancestry]
   469 | D:1      | Reached XP level 2. HP: 19/19 MP: 3/6
   887 | D:1      | Learned a level 2 spell: Call Imp
  1411 | D:2      | Learned a level 2 spell: Blink
  1514 | D:2      | Reached skill level 3 in Conjurations
  1562 | D:2      | Reached XP level 3. HP: 24/24 MP: 4/7
  1751 | D:2      | Identified the +6 hunting sling "Nebaffis" {flame, rF+ rC+}
  2118 | D:2      | Found a faded altar of an unknown god.
  2485 | D:3      | Reached XP level 4. HP: 22/30 MP: 1/8
  2493 | D:3      | Reached skill level 4 in Conjurations
  3162 | D:3      | Reached XP level 5. HP: 23/35 MP: 9/9
  3170 | D:3      | Reached skill level 5 in Conjurations
  3170 | D:3      | HP: 8/35 [poisoned by an orc wizard]
  3170 | D:3      | HP: 1/35 [orc/+0 mace (4)]
  3171 | D:3      | Succumbed to an orc wizard's poison

Illustrated notes

Levels and vault maps discovered:
D:1:      lightli_arrival_windingriver, layout_basic, minmay_tripent
D:2:      layout_basic, hellmonk_ecumenical_altar_heavens_door,
          kennysheep_decorative_pillar
D:3:      layout_loops_ring, hangedman_feature_mirror, nrook_mini_backslash

Skill      XL: |  1  2  3  4  5 |
---------------+----------------+-----
Conjurations   | 2 3 4 5 |  5.0
Dodging        | |  1.7
Stealth        | |  1.7
Spellcasting   | |  3.0
Summonings     | |  1.5
Translocations | |  0.8

Action                   |  1- 3 |  4- 6 || total
-------------------------+-------+-------++-------
Melee: Dagger            |    17 |     1 ||    18
 Fire: Hunting sling     |       |    15 ||    15
 Cast: Magic Dart        |   100 |    13 ||   113
  Use: Potion            |       |     1 ||     1
Armor: Robe              |     5 |     7 ||    12
Dodge: Dodged            |    18 |     9 ||    27

Table legend: (Time is in decaauts)
 A = Elapsed time spent in this place.
 B = Non-inter-level travel time spent in this place.
 C = Inter-level travel time spent in this place.
 D = Time resting spent in this place.
 E = Time spent auto-exploring this place.
 F = Levels seen in this place.
 G = Mean time per level.
                   A        B        C        D        E       F      G
               +--------+--------+--------+--------+--------+-----+--------+
         Total |   3180 |   2886 |    294 |    591 |   1964 |   3 | 1060.0 |
       Dungeon |   3180 |   2886 |    294 |    591 |   1964 |   3 | 1060.0 |
               +--------+--------+--------+--------+--------+-----+--------+

Top non-repeatable levels by time:
     D:1: 1480 daAuts
     D:2: 941 daAuts
     D:3: 758 daAuts

Table legend:
 A = Kills in this place as a percentage of kills in entire the game.
 B = Kills by you in this place as a percentage of kills by you in the entire game.
 C = Kills by friends in this place as a percentage of kills by friends in the entire game.
 D = Other kills in this place as a percentage of other kills in the entire game.
 E = Experience gained in this place as a percentage of experience gained in the entire game.
 F = Experience gained in this place divided by the number of levels of this place that you have seen.
                   A       B       C       D       E      F
               +-------+-------+-------+-------+-------+----------------------
         Total | 100.0 | 100.0 |   N/A |   N/A | 100.0 |  78.0
       Dungeon | 100.0 | 100.0 |   N/A |   N/A | 100.0 |  78.0
               +-------+-------+-------+-------+-------+----------------------
